 Dungeon Crawl Stone Soup version 0.23.0 (webtiles) character file.

Game seed: 7136810769224982042

16 tidbits the Charmwright (level 2, 22/26 HPs)
             Began as a Gnoll Skald on Feb 11, 2019.
             Quit the game on level 3 of the Dungeon.
             The game lasted 00:01:41 (228 turns).

tidbits the Charmwright (Gnoll Skald)                Turns: 228, Time: 00:01:42

Health: 22/26      AC:  3    Str: 13    XL:     2   Next: 58%
Magic:  5/7        EV: 14    Int: 15    God:
Gold:   36         SH:  0    Dex: 14    Spells: 5/10 levels left

rFire    . . .     SeeInvis .   a - +0 spear
rCold    . . .     Gourm    .   (no shield)
rNeg     . . .     Faith    .   b - +0 leather armour
rPois    .         Spirit   .   (no helmet)
rElec    .         Reflect  .   (no cloak)
rCorr    .         Harm     .   (no gloves)
MR       .....     Rnd*Tele +   (no boots)
Stlth    +.........             (no amulet)
HPRegen  0.08/turn              i - ring of teleportation (curse)
MPRegen  0.10/turn              (no ring)

@: no status effects
A: distributed training, fangs 1, strong nose
a: no special abilities


You were on level 3 of the Dungeon.
You were not hungry.

You visited 1 branch of the dungeon, and saw 3 of its levels.

You collected 36 gold pieces.

Inventory:

Hand Weapons
 a - a +0 spear (weapon)
 g - a +0 dagger
Missiles
 f - 23 sling bullets
Armour
 b - a +0 leather armour (worn)
Jewellery
 i - a cursed ring of teleportation (left hand)
   (You found it on level 2 of the Dungeon)
Scrolls
 c - a scroll of enchant weapon {unknown}
 h - a scroll of identify {unknown}
Potions
 e - a potion of might {unknown}
 j - a potion of brilliance {unknown}
Comestibles
 d - a ration


   Skills:
 + Level 4.5 Fighting
 + Level 0.4 Short Blades
 + Level 0.4 Long Blades
 + Level 0.4 Axes
 + Level 0.4 Maces & Flails
 + Level 4.5 Polearms
 + Level 0.4 Staves
 + Level 0.4 Slings
 + Level 0.4 Bows
 + Level 0.4 Crossbows
 + Level 0.4 Throwing
 + Level 2.5 Armour
 + Level 4.5 Dodging
 + Level 0.4 Stealth
 + Level 0.4 Shields
 + Level 0.4 Unarmed Combat
 + Level 4.9 Spellcasting
 + Level 0.2 Conjurations
 + Level 0.2 Hexes
 + Level 5.3 Charms
 + Level 0.2 Summonings
 + Level 0.2 Necromancy
 + Level 0.2 Translocations
 + Level 0.2 Transmutations
 + Level 0.2 Fire Magic
 + Level 0.2 Ice Magic
 + Level 0.2 Air Magic
 + Level 0.2 Earth Magic
 + Level 0.2 Poison Magic
 + Level 0.5 Invocations
 + Level 0.4 Evocations


You had 5 spell levels left.
You knew the following spells:

 Your Spells              Type           Power        Failure   Level  Hunger
g - Shroud of Golubria    Chrm/Tloc      ##........   10%         2    ##.....
i - Infusion              Chrm           ###.         2%          1    None
y - Song of Slaying       Chrm           ###.....     3%          2    ##.....

Your spell library contained the following spells:

 Spells                   Type           Power        Failure   Level  Hunger
 Regeneration             Chrm/Necr      ##........   21%         3    ###....
 Spectral Weapon          Hex/Chrm       ##......     21%         3    ###....


Dungeon Overview and Level Annotations

Branches:
Dungeon (3/15)

Altars:


Innate Abilities, Weirdness & Mutations

Your experience applies equally to all skills.
You have very sharp teeth.
Your uncanny sense of smell can sniff out nearby items.


Message History

You feel slightly jumpy.
Oops, that ring feels deathly cold.
i - a cursed ring of teleportation (left hand)
Found a stone staircase leading down.
Your magical infusion is running out.
A hobgoblin comes into view.
Attack whom?
Press: ? - help, Dir - move target cursor, f - hobgoblin
Aim: a hobgoblin (resting)
You reach to attack!
The helpless hobgoblin fails to defend itself.
You hit the hobgoblin.
The hobgoblin is severely wounded.
Attack whom?
Press: ? - help, Dir - move target cursor, f/p - hobgoblin
Aim: a hobgoblin (severely wounded)
You reach to attack!
You hit the hobgoblin.
You kill the hobgoblin!
Found an orange potion.
You are no longer magically infusing your attacks.
You see here an orange potion.
j - an orange potion A rat comes into view.
Unknown command.
You barely miss the rat. The rat misses you.
You hit the rat.
The rat is heavily wounded.
The rat misses you.
You hit the rat.
You kill the rat!
You open the door.
Unknown command.
There is an open door here.
Found 13 gold pieces.
Unknown command.
A hobgoblin comes into view. It is wielding a +0 club.
You see here 13 gold pieces.
Unknown command.
You now have 36 gold pieces (gained 13).
The hobgoblin shouts!
The hobgoblin is too close now for your liking.
There is a stone staircase leading down here.
You climb downwards.
A kobold comes into view.
The kobold shouts!
There is a stone staircase leading up here.
Attack whom?
Press: ? - help, Dir - move target cursor, f - kobold
Aim: a kobold You reach to attack!
You hit the kobold.
The kobold is severely wounded.
A giant cockroach comes into view.
Casting: Infusion (safe; 2% risk of failure)
Confirm with . or Enter, or press ? or * to list all spells.
You begin infusing your attacks with magical energy.
The kobold throws a stone.
The stone closely misses you.
Unknown command.
Attack whom?
Press: ? - help, Dir - move target cursor, f/p - kobold
Aim: a kobold (severely wounded)
You reach to attack!
You completely miss the kobold.
The kobold is severely wounded.
The kobold throws a stone.
The stone closely misses you.
The giant cockroach waves its antennae.
Attack whom?
Press: ? - help, Dir - move target cursor, f/p - kobold
Aim: a kobold (severely wounded)
You reach to attack!
You miss the kobold.
The kobold is severely wounded.
You hit the kobold.
You kill the kobold!
You see here a stone.
You barely miss the giant cockroach.
The giant cockroach waves its antennae.
The giant cockroach closely misses you.
You hit the giant cockroach.
The giant cockroach is severely wounded.
The giant cockroach bites you but does no damage.
You closely miss the giant cockroach.
The giant cockroach is severely wounded.
The giant cockroach bites you but does no damage.
You hit the giant cockroach.
You kill the giant cockroach!
Your magical infusion is running out.
Found 13 stones.
You are no longer magically infusing your attacks.
Unknown command.
A hobgoblin comes into view.
The hobgoblin shouts!
Unknown command.
You barely miss the hobgoblin. The hobgoblin closely misses you.
You closely miss the hobgoblin. The hobgoblin barely misses you.
You hit the hobgoblin.
The hobgoblin is severely wounded.
The hobgoblin hits you.
You hit the hobgoblin but do no damage.
The hobgoblin is heavily wounded.
The hobgoblin misses you.
You hit the hobgoblin.
The hobgoblin is severely wounded.
Are you sure you want to abandon this character and quit the game? (Confirm with "yes".)

## ... #.. #.#
#.# # #.#
#..####.#
#...g@..#
##.####.#####.##
#.........
#..####..#.
#..........
#..####..## #..#
#..#
######..####..#


You could see a hobgoblin.

Vanquished Creatures
  A dart slug (D:1)
  A leopard gecko (D:2)
  A giant cockroach (D:3)
  3 goblins
  3 hobgoblins
  A kobold (D:3)
  A rat (D:2)
11 creatures vanquished.

Notes
Turn   | Place    | Note
-------+----------+-------------------------------------------
     0 | D:1      | tidbits the Gnoll Skald began the quest for the Orb.
     0 | D:1      | Reached XP level 1. HP: 20/20 MP: 6/6
    72 | D:1      | Reached XP level 2. HP: 26/26 MP: 2/7
    76 | D:1      | Learned a level 2 spell: Song of Slaying
    79 | D:1      | Learned a level 2 spell: Shroud of Golubria
   228 | D:3      | Quit the game

Action                   || total
-------------------------++-------
Melee: Spear             ||    31
 Cast: Infusion          ||     4
 Stab: Sleeping          ||     1
Armor: Leather armour    ||     2
Dodge: Dodged            ||    11

Table legend:
 A = Turns spent in this place as a percentage of turns spent in the entire game.
 B = Non-inter-level travel turns spent in this place as a percentage of non-inter-level travel turns spent in the entire game.
 C = Inter-level travel turns spent in this place as a percentage of turns spent in this place.
 D = Turns resting spent in this place as a percentage of non-inter-level travel turns spent in this place.
 E = Turns spent auto-exploring this place as a percentage of non-inter-level travel turns spent in this place.
 F = Non-inter-level travel turns spent in this place divided by the number of levels of this place that you've seen.
                   A       B       C       D       E      F
               +-------+-------+-------+-------+-------+----------------------
         Total | 100.0 | 100.0 |   0.0 |   0.0 |   0.0 |  76.0
       Dungeon | 100.0 | 100.0 |   0.0 |   0.0 |   0.0 |  76.0
               +-------+-------+-------+-------+-------+----------------------

Table legend:
 A = Kills in this place as a percentage of kills in entire the game.
 B = Kills by you in this place as a percentage of kills by you in the entire game.
 C = Kills by friends in this place as a percentage of kills by friends in the entire game.
 D = Other kills in this place as a percentage of other kills in the entire game.
 E = Experience gained in this place as a percentage of experience gained in the entire game.
 F = Experience gained in this place divided by the number of levels of this place that you have seen.
                   A       B       C       D       E      F
               +-------+-------+-------+-------+-------+----------------------
         Total | 100.0 | 100.0 |   N/A |   N/A | 100.0 |   8.0
       Dungeon | 100.0 | 100.0 |   N/A |   N/A | 100.0 |   8.0
               +-------+-------+-------+-------+-------+----------------------

Levels and vault maps discovered:
D:1:      tarquinn_simple_flora_water_a, layout_rooms
D:2:      layout_basic, chequers_ecumenical_altar_island, first_ration,
          serial_forest, infiniplex_forest_clump_small,
          infiniplex_forest_lined_room_2, infiniplex_forest_clump_diagonal,
          infiniplex_forest_clump_long, infiniplex_forest_straight_2,
          infiniplex_forest_lined_ring, infiniplex_forest_fountain,
          infiniplex_forest_clump_long, infiniplex_forest_clump_cross,
          infiniplex_forest_corner_1
D:3:      layout_loops_ring, grunt_temple_overflow_champion_of_chaos,
          supply_closet_lemuel, uniq_grinder
